 Dungeon Crawl Stone Soup version 0.22.0-60-ga52c2fcf6e (webtiles) character file.

24 Brecoman the Ruffian (level 2, 0/24 HPs)
             Began as a Draconian Transmuter on Sept 10, 2018.
             Slain by a kobold
             ... wielding a +0 club
              (5 damage)
             ... on level 2 of the Dungeon.
             The game lasted 00:08:01 (938 turns).

Brecoman the Ruffian (Draconian Transmuter)          Turns: 938, Time: 00:08:02

Health: 0/24       AC:  4    Str: 12    XL:     2   Next: 79%
Magic:  0/5        EV: 12    Int: 13    God:
Gold:   42         SH:  0    Dex: 11    Spells: 2/5 levels left

rFire    . . .     SeeInvis .     - Unarmed
rCold    . . .     Gourm    .   (no shield)
rNeg     . . .     Faith    .   (armour unavailable)
rPois    .         Spirit   .   (helmet restricted)
rElec    .         Reflect  .   (no cloak)
rCorr    .         Harm     .   (no gloves)
MR       .....                  (no boots)
Stlth    +.........             (no amulet)
HPRegen  0.08/turn              (no ring)
MPRegen  0.09/turn              (no ring)

@: lethally poisoned (0 -> -4), appendage
A: unfitting armour, horns 2, cold-blooded, AC +4
a: End Transformation


You were on level 2 of the Dungeon.
You were not hungry.
You had grown temporary horns.
You visited 1 branch of the dungeon, and saw 2 of its levels.

You collected 42 gold pieces.

Inventory:

Hand Weapons
 a - a +0 hunting sling
Missiles
 e - 17 arrows
 f - 13 stones (quivered)
Jewellery
 g - a cursed -2 ring of dexterity {unknown}
Scrolls
 b - 3 scrolls of teleportation {unknown}
Comestibles
 c - 5 rations
 d - 3 chunks of flesh


   Skills:
 + Level 1.7 Fighting
 - Level 1.7 Dodging
 + Level 3.3 Unarmed Combat
 + Level 2.3 Spellcasting
 + Level 2.3 Transmutations


You had 2 spell levels left.
You knew the following spells:

 Your Spells              Type           Power        Failure   Level  Hunger
a - Beastly Appendage     Tmut           #.....       10%         1    #......
b - Sticks to Snakes      Tmut           #.......     14%         2    ###....

Your spell library contained the following spells:

 Spells                   Type           Power        Failure   Level  Hunger
 Spider Form              Tmut/Pois      #.........   41%         3    ###....
 Ice Form                 Ice/Tmut       #.......     83%         4    #####..
 Blade Hands              Tmut           #.........   95%         5    ######.


Dungeon Overview and Level Annotations

Branches:
Dungeon (2/15)

Altars:


Innate Abilities, Weirdness & Mutations

Your plain brown scales are hard. (AC +4)
You cannot fit into any form of body armour.
You are cold-blooded and may be slowed by cold attacks.
You have a pair of horns on your head.


Message History

You feel sick.
You hit the hobgoblin but do no damage.
Your ball python bites the hobgoblin.
Your ball python grabs the hobgoblin.
Your ball python constricts the hobgoblin.
The hobgoblin hits you but does no damage.
You hit the hobgoblin.
You kill the hobgoblin!
The kobold hits your ball python with a club.
Your ball python dies!
Found a stone staircase leading down.
Things that are here:
a leopard gecko corpse; an adder corpse You barely miss the kobold.
You feel sick. The kobold hits you with a club.
You closely miss the kobold. The kobold hits you with a club.
* * * LOW HITPOINT WARNING * * *
You closely miss the kobold.
Casting: Sticks to Snakes (safe; 14% risk of failure)
Confirm with . or Enter, or press ? or * to list all spells.
You grow a pair of large bovine horns.
The kobold hits you with a club.
You die...

###########........#
)......[.)†).......#
.....#####.........#
####.## #.........#
#..# #.........# ##.##
#.........# #..#
#.........#
######.###.##....###
...........##...@#
............+...K'...>#
#######.#####....##+#.#
#.. ##%.... ##.# #.....
.. #..... #.. #......
.. #......


You could see a kobold.

Vanquished Creatures
  An adder (D:2)
  2 leopard geckos
  A giant cockroach (D:2)
  A goblin (D:1)
  5 hobgoblins
  A kobold (D:1)
  A ball python (D:1)
  2 rats
14 creatures vanquished.

Vanquished Creatures (collateral kills)
  A bat (D:2)
1 creature vanquished.

Grand Total: 15 creatures vanquished

Notes
Turn   | Place    | Note
-------+----------+-------------------------------------------
     0 | D:1      | Brecoman the Draconian Transmuter began the quest for the
                  | Orb.
     0 | D:1      | Reached XP level 1. HP: 16/16 MP: 3/3
   606 | D:1      | Reached XP level 2. HP: 10/23 MP: 3/5
   900 | D:2      | Learned a level 2 spell: Sticks to Snakes
   938 | D:2      | Slain by a kobold

Action                   || total
-------------------------++-------
Melee: Unarmed           ||    33
       Tailslap          ||     3
       Kick              ||     3
       Headbutt          ||     2
       Punch             ||     1
 Fire: Hunting sling     ||     2
 Cast: Beastly Appendage ||    10
       Sticks to Snakes  ||     3
Armor: Skin              ||     7
Dodge: Dodged            ||    12
